Map: 16-Bit LE

Players

Chawls

  • Race: Zerg Zerg
  • League: Diamond
  • Spawn Location: 1:00

Nordy - Winner!

  • Race: Protoss Protoss
  • League: Diamond
  • Spawn Location: 7:00

VOD

Have the link to the VOD?

Description

Time

  • Played on: July 7, 2018, 8:11 p.m.
  • Length: 8:23
Show
View Real Time Build Order
Export as new Build Order

Chawls Zerg 

Build Orders: 3 Hatch before Pool, Zergling Baneling 

Get SALT Encoding   

  12  0:05  Drone  
  13  0:14  Overlord  
  13  0:18  Drone  
  14  0:32  Drone  
  14  0:33  Drone  
  16  0:38  Drone  
  17  0:58  Hatchery  
  17  0:59  Drone  
  17  1:21  Hatchery  
  17  1:23  Drone  
  17  1:29  Drone  
  18  1:35  Extractor  
  17  1:44  Spawning Pool  
  16  1:48  Drone  
  17  1:59  Drone  
  19  2:01  Drone  
  19  2:06  Drone  
  20  2:14  Drone  
  21  2:24  Drone  
  21  2:25  Drone  
  23  2:31  Queen  
  25  2:40  Metabolic Boost  
  25  2:44  Drone  
  25  2:46  Overlord  
  25  2:48  Zergling x4  
  28  3:08  Drone x2  
  28  3:09  Drone  
  28  3:10  Drone x3  
  28  3:11  Overlord  
  34  3:14  Queen  
  36  3:21  Queen  
  38  3:53  Baneling Nest  
  37  3:56  Drone x6, Extractor  
  42  4:09  Overlord x3  
  42  4:27  Zergling x20  
  52  4:35  Overlord x2  
  52  4:43  Overlord  
  51  4:46  Zergling x10  
  51  4:48  Baneling  
  51  4:49  Baneling x9  
  51  4:52  Zergling x4  
  58  4:58  Zergling x4  
  58  4:59  Zergling x4  
  62  5:07  Zergling x2  
  62  5:08  Zergling x4  
  65  5:24  Zergling x8  
  48  5:43  Zergling x2  
  48  5:44  Zergling x24  
  58  5:53  Lair  
  57  5:57  Zergling x2  
  57  5:58  Zergling x8  
  57  6:03  Evolution Chamber  
  61  6:04  Baneling x2  
  61  6:05  Baneling x5  
  54  6:14  Zergling x8  
  43  6:26  Zergling x6  
  43  6:27  Zergling x12  
  43  6:30  Baneling  
  43  6:31  Baneling x3  
  51  6:33  Zergling x2  
  52  6:44  Zergling x2  
  52  6:45  Zergling x8  
  51  6:57  Baneling x3  
  51  7:01  Drone x5  
  53  7:11  Zergling x6  
  53  7:22  Zergling x6  
  46  7:33  Zergling x10  
  46  7:34  Zergling x8  
  50  7:44  Baneling  
  50  7:45  Baneling x2  
  50  7:46  Baneling x2  
  50  7:47  Baneling, Zergling x2  
  50  7:48  Zergling x4  
Show
View Real Time Build Order
Export as new Build Order

Nordy Protoss - Winner!

Build Orders: 1 Gate Expand 

Get SALT Encoding   

  12  0:01  Probe  
  13  0:13  Probe  
  14  0:19  Pylon  
  14  0:25  Probe  
  15  0:34  Probe  
  15  0:39  Gateway  
  16  0:42  Probe  
  16  0:48  Assimilator  
  17  0:51  Probe  
  18  1:03  Probe  
  19  1:15  Probe  
  20  1:28  Nexus  
  20  1:38  Cybernetics Core  
  20  1:44  Assimilator  
  20  1:46  Probe  
  21  1:54  Pylon  
  21  1:58  Probe  
  22  2:10  Probe  
  22  2:14  Adept  
  25  2:20  Robotics Facility  
  25  2:27  Warp Gate  
  25  2:29  Probe  
  26  2:42  Gateway  
  25  2:45  Probe  
  25  2:48  Probe  
  27  2:54  Stalker  
  27  2:57  Probe  
  30  3:02  Probe  
  31  3:07  Immortal  
  35  3:21  Probe x2  
  35  3:25  Pylon  
  37  3:33  Twilight Council  
  37  3:43  Gateway  
  37  3:48  Gateway  
  37  3:49  Charge  
  37  3:56  Gateway  
  37  3:59  Gateway  
  37  4:01  Probe  
  37  4:02  Probe  
  39  4:14  Warp Prism  
  41  4:21  Gateway  
  41  4:26  Gateway  
  41  4:31  Pylon  
  41  4:43  Pylon  
  41  4:46  Zealot x2  
  41  4:47  Zealot  
  47  5:03  Pylon  
  47  5:10  Zealot x3  
  47  5:11  Zealot x2  
  57  5:32  Zealot x3  
  57  5:33  Zealot x3  
  39  5:53  Zealot x3  
  39  5:54  Zealot x3  
  51  6:14  Zealot x5  
  51  6:15  Zealot  
  33  6:40  Zealot x3  
  33  6:41  Zealot x3  
  41  7:01  Zealot x5  
  35  7:02  Zealot  
  45  7:14  Zealot  
  47  7:20  Zealot  
  47  7:21  Zealot x2  
  47  7:22  Zealot x2  
  45  7:40  Zealot  
  45  7:41  Zealot x4  
  53  7:50  Zealot x2  
  57  8:01  Zealot x3  
  63  8:12  Zealot x3  
Tags
 
Add a new tag
Caveats
  • Supply blocks, unpowered buildings, or Contaminate may cause inaccurate times.
  • Supply counts are checked every 10 seconds.